 Dungeon Crawl Stone Soup version 0.23.0 (webtiles) character file.

Game seed: 1502627328644279015

543 MalarOregon the Magician (level 7, -5/46 HPs)
             Began as a Merfolk Wizard on Feb 14, 2019.
             Was an Initiate of Sif Muna.
             Killed from afar by an orc wizard (9 damage)
             ... with a puff of flame
             ... on level 4 of the Dungeon.
             The game lasted 00:10:42 (4546 turns).

MalarOregon the Magician (Merfolk Wizard)           Turns: 4546, Time: 00:10:42

Health: -5/46      AC:  4    Str:  7    XL:     7   Next: 27%
Magic:  11/16      EV: 12    Int: 19    God:    Sif Muna [......]
Gold:   112        SH:  0    Dex: 13    Spells: 10/18 levels left

rFire    . . .     SeeInvis .   t - +2 hand axe (venom)
rCold    . . .     Gourm    .   (no shield)
rNeg     . . .     Faith    .   o - +0 leather armour (curse)
rPois    .         Spirit   .   b - +0 hat
rElec    .         Reflect  .   (no cloak)
rCorr    .         Harm     .   (no gloves)
MR       .....                  q - +0 pair of boots (curse)
Stlth    ++........             (no amulet)
HPRegen  0.15/turn              (no ring)
MPRegen  0.15/turn              (no ring)

@: lethally poisoned (-5 -> -6)
A: change form in water, swift swim, stealthy swim
a: Renounce Religion


You were on level 4 of the Dungeon.
You worshipped Sif Muna.
Sif Muna was noncommittal.
You were very hungry.

You visited 2 branches of the dungeon, and saw 5 of its levels.

You collected 112 gold pieces.

Inventory:

Hand Weapons
 c - a +1 short sword of electrocution
   (You found it on level 1 of the Dungeon)
 t - a +2 hand axe of venom (weapon)
   (You took it off an orc on level 3 of the Dungeon)
 w - a +4 whip
   (You found it on level 2 of the Dungeon)
Armour
 b - a +0 hat (worn)
 o - a cursed +0 leather armour (worn)
   (You found it on level 2 of the Dungeon)
 q - a cursed +0 pair of boots (worn)
   (You found it on level 2 of the Dungeon)
 s - a cursed +0 robe
   (You found it on level 3 of the Dungeon)
Scrolls
 a - a scroll of fear {unknown}
 g - 3 scrolls of teleportation {unknown}
 j - a scroll of remove curse {unknown}
 l - 2 scrolls of identify {unknown}
 m - 3 scrolls of blinking {unknown}
 n - 2 scrolls of enchant weapon {unknown}
 u - a scroll of fog {unknown}
 v - 2 scrolls of enchant armour {unknown}
Potions
 d - 4 potions of curing {@q1}
 f - a potion of degeneration {unknown}
 h - 2 potions of mutation {unknown}
 i - a potion of cancellation {unknown}
 k - a potion of might {unknown}
 p - a potion of brilliance {unknown}
 r - 3 potions of heal wounds {unknown}
Comestibles
 e - 9 rations {!d}


   Skills:
 - Level 2.6 Dodging
 - Level 2.1 Stealth
 * Level 6.4 Spellcasting
 - Level 2.0 Conjurations
 - Level 3.2 Summonings
 - Level 0.7 Translocations
 + Level 0.6 Air Magic


You had 10 spell levels left.
You knew the following spells:

 Your Spells              Type           Power        Failure   Level  Hunger
a - Magic Dart            Conj           ##..         7%          1    None
b - Blink                 Tloc           N/A          19%         2    None
f - Mephitic Cloud        Conj/Pois/Air  #.......     32%         3    ##.....
x - Call Imp              Summ           ###.....     6%          2    None

Your spell library contained the following spells:

 Spells                   Type           Power        Failure   Level  Hunger
 Slow                     Hex            #.......     24%         2    None
 Conjure Flame            Conj/Fire      #.......     32%         3    ##.....


Dungeon Overview and Level Annotations

Branches:
Dungeon (4/15)             Temple (1/1) D:4

Altars:
Ashenzari
Cheibriados
Elyvilon
Fedhas
Kikubaaqudgha
Makhleb
Okawaru
Qazlal
Ru
Sif Muna
Yredelemnul
Zin


Message History

You hit the orc.
You feel sick. The orc hits you with a +0 mace.
* * * LOW HITPOINT WARNING * * *
You hit the orc.
You kill the orc!
Sif Muna accepts your kill.
You feel sick.
You hit the orc priest.
The orc priest is poisoned.
You feel sick. The orc priest completely misses you.
You hit the orc priest.
The orc priest looks even sicker.
You kill the orc priest!
Sif Muna accepts your kill.
Unknown command.
A beastly little devil appears in a puff of flame.
You feel sick. Something hits you.
* * * LOW HITPOINT WARNING * * *
A beastly little devil appears in a puff of flame.
You hear some strange, mumbled words.
A magic dart appears from out of thin air!
The magic dart hits you.
* * * LOW HITPOINT WARNING * * *
Your crimson imp closely misses something.
You swap places.
You feel sick.
Something closely misses your crimson imp.
Your crimson imp barely misses something.
Something hits your crimson imp. Something hits your crimson imp.
Your crimson imp closely misses something.
A beastly little devil appears in a puff of frigid air.
You feel sick.
A magic dart appears from out of thin air!
The magic dart hits your crimson imp.
Your crimson imp closely misses something.
Something hits your crimson imp. Something hits your crimson imp.
Something barely misses your crimson imp.
Your crimson imp closely misses something.
You feel sick.
Something closely misses your crimson imp.
Your crimson imp closely misses something.
You hear some strange, mumbled words.
A puff of frost appears from out of thin air!
The puff of frost hits your crimson imp!
Your crimson imp is frozen!
Your crimson imp dies!
You closely miss something.
You hear some strange, mumbled words.
A puff of flame appears from out of thin air!
The puff of flame hits you!
You die...

#.##.##### .
#...........
#......##.#
#.........# .
##.....### ..
#..>..# ...
###...####).....
#............ .
##..@#####.#....
##.5.5.)†......
##############


You could see a friendly crimson imp and a friendly white imp.

Vanquished Creatures
  Eustachio (D:4)
  A phantom (D:4)
  An orc priest (D:4)
  3 worker ants
  7 adders
  2 worms (D:3)
  A dart slug (D:2)
  5 leopard geckos
  3 orcs
  A ball python (D:1)
  4 giant cockroaches
  8 goblins
  9 hobgoblins
  8 jackals
  A quokka (D:3)
  7 bats
  9 frilled lizards
  14 kobolds
  5 rats
90 creatures vanquished.

Vanquished Creatures (collateral kills)
  A water moccasin skeleton (D:4)
1 creature vanquished.

Grand Total: 91 creatures vanquished

Notes
Turn   | Place    | Note
-------+----------+-------------------------------------------
     0 | D:1      | MalarOregon the Merfolk Wizard began the quest for the Orb.
     0 | D:1      | Reached XP level 1. HP: 13/13 MP: 4/4
   292 | D:1      | Reached skill level 1 in Conjurations
   343 | D:1      | Reached XP level 2. HP: 19/19 MP: 3/6
   352 | D:1      | Learned a level 2 spell: Call Imp
   951 | D:1      | Reached XP level 3. HP: 10/24 MP: 2/8
  1690 | D:2      | Reached skill level 4 in Spellcasting
  1770 | D:2      | Reached XP level 4. HP: 23/30 MP: 0/10
  2158 | D:2      | Learned a level 2 spell: Blink
  2162 | D:2      | Learned a level 3 spell: Mephitic Cloud
  2239 | D:2      | Found a stormy altar of Qazlal.
  2401 | D:3      | Found a shattered altar of Ashenzari.
  2504 | D:3      | Reached XP level 5. HP: 33/35 MP: 0/11
  3442 | D:4      | Reached skill level 5 in Spellcasting
  3624 | D:4      | Noticed Eustachio
  3640 | D:4      | Killed Eustachio
  3640 | D:4      | Reached XP level 6. HP: 27/41 MP: 12/14
  4102 | D:4      | Noticed a phantom
  4123 | D:4      | Killed a phantom
  4123 | D:4      | Reached skill level 6 in Spellcasting
  4123 | D:4      | Reached XP level 7. HP: 41/46 MP: 2/16
  4216 | D:4      | Found a staircase to the Ecumenical Temple.
  4224 | Temple   | Entered the Ecumenical Temple
  4276 | Temple   | Became a worshipper of Sif Muna the Loreminder
  4546 | D:4      | Killed from afar by an orc wizard

Skill      XL: |  1  2  3  4  5  6 |
---------------+-------------------+-----
Conjurations   | 1 2 |  2.0
Spellcasting   | 4 5 6 |  6.4
Summonings     | 2 3 |  3.2
Dodging        | |  2.6
Stealth        | |  2.1
Translocations | |  0.7
Air Magic      | |  0.6

Action                   |  1- 3 |  4- 6 |  7- 9 || total
-------------------------+-------+-------+-------++-------
Melee: Unarmed           |    16 |       |       ||    16
       Dagger            |    23 |       |       ||    23
       Short sword       |    31 |    35 |     1 ||    67
       Hand axe          |       |    46 |    19 ||    65
 Cast: Magic Dart        |    96 |    72 |     5 ||   173
       Call Imp          |       |     1 |     3 ||     4
 Stab: Sleeping          |       |     2 |       ||     2
  Eat: Chunk             |     3 |     6 |     1 ||    10
Armor: Robe              |    19 |     2 |       ||    21
       Leather armour    |       |    24 |     2 ||    26
Dodge: Dodged            |    91 |    66 |    10 ||   167
